 Dungeon Crawl Stone Soup version 0.31-a0-596-g831eee08f1 (webtiles) character file.

Game seed: 9859798023975726581

71 jlumianski the Magician (level 4, 0/32 HPs)
             Began as a Djinni Fire Elementalist on Aug 20, 2023.
             Killed from afar by Ijyb (7 damage)
             ... with an iceblast
             ... on level 2 of the Dungeon.
             The game lasted 00:07:23 (1342 turns).

jlumianski the Magician (Djinni Fire Elementalist)  Turns: 1342, Time: 00:07:24

Health: 0/32       AC:  7    Str:  7    XL:     4   Next: 47%
Gold:   124        EV: 12    Int: 19    God:
                   SH:  0    Dex: 13

rFire   + + .        l - +0 short sword (venom)
rCold   . . .        (no shield)
rNeg    . . .        a - +0 robe
rPois   ∞            h - +0 helmet
rElec   .            (no cloak)
rCorr   .            (no gloves)
SInv    .            (boots unavailable)
Will    .....        (no amulet)
Stlth   ++           e - ring of protection from cold
HPRegen 0.25/turn    i - +4 ring of protection
MPRegen 0.00/turn

%: infuse magic (-1 HP)
@: flying
A: sickness immunity, fire resistance 2, cold vulnerability 1, float, innate
caster, HP casting, extra vitality 1
a: no special abilities


You were on level 2 of the Dungeon.
You visited 1 branch of the dungeon, and saw 4 of its levels.

You collected 124 gold pieces.

Inventory:

Hand Weapons
 f - a +0 short sword
 l - a +0 short sword of venom (weapon)
 m - a +2 dagger of holy wrath
Missiles
 g - 2 boomerangs
Armour
 a - a +0 robe (worn)
 h - a +0 helmet (worn)
Jewellery
 b - an amulet of faith
 e - a ring of protection from cold (left hand)
 i - a +4 ring of protection (right hand)
Talismans
 k - a blade talisman
Scrolls
 p - a scroll of teleportation
Potions
 c - a potion of degeneration
 d - a potion of curing {unknown}
 j - a potion of brilliance {unknown}
 n - a potion of mutation {unknown}


   Skills:
 * Level 1.5 Fighting
 + Level 0.2 Short Blades
 + Level 3.0 Dodging
 + Level 2.2 Stealth
 * Level 3.2 Spellcasting
 * Level 3.2 Conjurations
 * Level 3.2 Hexes
 * Level 3.2 Summonings
 * Level 3.2 Necromancy
 * Level 3.2 Translocations
 * Level 3.2 Transmutations
 * Level 3.2 Fire Magic
 * Level 3.2 Ice Magic
 * Level 3.2 Air Magic
 * Level 3.2 Earth Magic
 * Level 3.2 Poison Magic


You knew the following spells:

 Your Spells              Type           Power      Damage    Failure   Level
a - Foxfire               Conj/Fire      60%        2x1d7     4%          1
b - Scorch                Fire           30%        2d6       6%          2
c - Volatile Blastmotes   Fire/Tloc      30%        2d12      12%         3
d - Inner Flame           Hex/Fire       15%        N/A       12%         3
e - Flame Wave            Conj/Fire      15%        2d7       36%         4
f - Apportation           Tloc           30%        N/A       4%          1
Your spell library was empty.

Dungeon Overview and Level Annotations

Branches:
Dungeon (4/15)
 Temple: D:4-7

Altars:

Annotations:
D:2 Ijyb


Innate Abilities, Weirdness & Mutations

You are immune to sickness and miasma.
You are immune to poison.
Your flesh is very heat resistant. (rF++)
You are vulnerable to cold. (rC-)
You float through the air rather than walking.
You learn spells naturally, not from books.
Your magical power is your life essence.
You have superior vitality. (+4 MHP)


Message History

Confirm with . or Enter, or press ? or * to list all spells.
You conjure some foxfire!
The goblin shouts!
You hear a shout!
Casting: Foxfire (safe; 4% risk of failure)
Confirm with . or Enter, or press ? or * to list all spells.
You miscast Foxfire.
You are very lightly contaminated with residual magic.
Nothing appears to happen.
The foxfire hits the goblin.
You kill the goblin!
The goblin unwields a +0 dagger.
The goblin wields a +0 sling.
The goblin shoots a sling bullet.
The sling bullet hits you but does no damage.
Casting: Foxfire (safe; 4% risk of failure)
Confirm with . or Enter, or press ? or * to list all spells.
You conjure some foxfire!
The foxfire hits the goblin.
You kill the goblin!
Casting: Foxfire (safe; 4% risk of failure)
Confirm with . or Enter, or press ? or * to list all spells.
You conjure some foxfire!
The foxfire hits Ijyb.
Ijyb is moderately wounded.
The foxfire hits the goblin.
The goblin is heavily wounded.
The goblin unwields a +0 dagger.
The goblin wields a +0 sling.
The goblin shoots a sling bullet.
The sling bullet barely misses you.
Ijyb zaps a wand.
The mass of ice explodes!
The iceblast engulfs you! The iceblast engulfs your foxfire!!
The iceblast engulfs your foxfire!
You hear a shout!
The foxfire hits the goblin.
You kill the goblin!
The goblin shoots a sling bullet.
The sling bullet closely misses you.
Ijyb screams, "Die!"
The goblin shoots a sling bullet.
The sling bullet hits you.
The goblin shoots a sling bullet.
The sling bullet hits you.
The goblin shoots a sling bullet.
The sling bullet misses you.
A goblin comes into view. It is wielding a +0 dagger.
Your magical contamination has completely faded away.
Ijyb zaps a wand.
The mass of ice explodes!
The iceblast engulfs you!
* * * LOW HITPOINT WARNING * * *
Ijyb zaps a wand.
The mass of ice explodes!
The iceblast engulfs you!
You die...

..............##.#####.#.#..#.#
#........###..##.#..........# .
#.............##.#.###.#.#......#
#...........#.##.#.###.#.#..#####
###.#####...#..#.#..<#...#.##
.................#####.###..
#####.#..(g............#######
#.....##....######........
#.....##....@....#..######
#.....##.....###.#..#
..8##.g...##.....# #.#..#
...##g#.####.....# #.#..#
g)8##.#.# #.....# #<#..#
...##.#g# #.....# ###..#
g.8##g#.# ###.#.. #..# ..g##g#.#
#.#### #..# ...#....##### #..#


You could see Ijyb.

Vanquished Creatures
  Robin (D:1)
  2 adders (D:2)
  A dart slug (D:2)
  An endoplasm (D:1)
  3 giant cockroaches (D:1)
  12 goblins
  6 hobgoblins
  3 kobolds (D:1)
  A quokka (D:2)
  2 ball pythons
  A bat (D:1)
  2 frilled lizards (D:1)
  3 rats
38 creatures vanquished.

Vanquished Creatures (others)
  71 foxfires
71 creatures vanquished.

Grand Total: 109 creatures vanquished

Notes
Turn   | Place    | Note
-------+----------+-------------------------------------------
     0 | D:1      | jlumianski the Djinni Fire Elementalist began the quest for
                  | the Orb.
     0 | D:1      | jlumianski set off with the following spells memorised:
                  | Foxfire, Scorch, Volatile Blastmotes, Inner Flame, Flame
                  | Wave.
     0 | D:1      | Reached XP level 1. HP: 15/15 MP: 0/0
   228 | D:1      | Reached XP level 2. HP: 19/21 MP: 0/0
   306 | D:2      | Noticed Robin
   424 | D:1      | Reached XP level 3. HP: 20/26 MP: 0/0
   424 | D:1      | Learned a level 1 spell: Apportation
   459 | D:1      | Killed Robin
   624 | D:2      | Reached skill level 1 in Fighting
   868 | D:1      | Reached XP level 4. HP: 32/32 MP: 0/0
  1319 | D:2      | Noticed Ijyb
  1342 | D:2      | Killed from afar by Ijyb

Illustrated notes

Levels and vault maps discovered:
D:1:      psy_arrival_dodecagon, layout_loops_cross, minmay_cut_off
D:2:      kennysheep_the_goblin_king, layout_basic,
          chequers_serial_rivers_small_a, uniq_robin
D:3:      layout_basic, led_sif_pool, ebering_ecumenical_altar_mist, st_stairs_1
D:4:      layout_loops_ring, uniq_eustachio

Skill      XL: |  1  2  3  4 |
---------------+-------------+-----
Spellcasting   | |  3.2
Conjurations   | |  3.2
Hexes          | |  3.2
Summonings     | |  3.2
Necromancy     | |  3.2
Translocations | |  3.2
Transmutations | |  3.2
Fire Magic     | |  3.2
Ice Magic      | |  3.2
Air Magic      | |  3.2
Earth Magic    | |  3.2
Poison Magic   | |  3.2
Fighting       | 1 |  1.5
Stealth        | 2 |  2.2
Dodging        | 3 |  3.0
Short Blades   | |  0.2

Action                     |  1- 3 |  4- 6 || total
---------------------------+-------+-------++-------
  Melee: Unarmed           |     2 |       ||     2
         Short sword       |    12 |    13 ||    25
         Punch             |     1 |       ||     1
   Cast: Foxfire           |    31 |     9 ||    40
         Scorch            |     3 |     1 ||     4
    Use: Scroll            |     1 |     2 ||     3
   Stab: Sleeping          |     1 |     2 ||     3
 Armour: Robe              |     7 |    12 ||    19
  Dodge: Dodged            |    19 |    19 ||    38

Table legend: (Time is in decaauts)
 A = Elapsed time spent in this place.
 B = Non-inter-level travel time spent in this place.
 C = Inter-level travel time spent in this place.
 D = Time resting spent in this place.
 E = Time spent auto-exploring this place.
 F = Levels seen in this place.
 G = Mean time per level.
                   A        B        C        D        E       F      G
               +--------+--------+--------+--------+--------+-----+--------+
         Total |   1346 |   1301 |     45 |     90 |    665 |   4 |  336.5 |
       Dungeon |   1346 |   1301 |     45 |     90 |    665 |   4 |  336.5 |
               +--------+--------+--------+--------+--------+-----+--------+

Top non-repeatable levels by time:
     D:1: 946 daAuts
     D:2: 331 daAuts
     D:3: 66 daAuts
     D:4: 1 daAuts
